 Dungeon Crawl Stone Soup version 0.27.0-1-g7a089689b8 (webtiles) character file.

Game seed: 8957396019562814864

113 Spectrina the Sneak (level 4, 0/27 HPs)
             Began as a Deep Elf Monk on Aug 10, 2021.
             Slain by an adder (3 damage)
             ... on level 4 of the Dungeon.
             The game lasted 00:06:12 (703 turns).

Spectrina the Sneak (Deep Elf Monk)                  Turns: 703, Time: 00:06:13

Health: 0/27       AC:  3    Str:  8    XL:     4   Next: 65%
Magic:  9/9        EV: 13    Int: 16    God:
Gold:   77         SH:  0    Dex: 17    Spells: 8/8 levels left

rFire    + . .     SeeInvis .   a - +0 short sword
rCold    . . .     Faith    .   (no shield)
rNeg     . . .     Spirit   .   b - +0 robe
rPois    .         Reflect  .   (no helmet)
rElec    .         Harm     .   l - +0 cloak
rCorr    .         Rampage  .   (no gloves)
Will     .....                  (no boots)
Stlth    +++.......             (no amulet)
HPRegen  0.09/turn              d - ring of protection from fire
MPRegen  0.11/turn              (no ring)

@: no status effects
A: no striking features
a: no special abilities


You were on level 4 of the Dungeon.
You visited 1 branch of the dungeon, and saw 5 of its levels.

You collected 77 gold pieces.

Inventory:

Hand Weapons
 a - a +0 short sword (weapon)
 e - a +0 dagger
Missiles
 c - 2 javelins
 j - 23 stones
 k - 7 poisoned darts (quivered)
 n - 23 bolts
 o - 15 sling bullets
Armour
 b - a +0 robe (worn)
 l - a +0 cloak (worn)
Jewellery
 d - a ring of protection from fire (left hand)
Scrolls
 f - a scroll of enchant weapon {unknown}
 g - a scroll of identify {unknown}
 h - a scroll of amnesia {unknown}
 m - a scroll of blinking {unknown}


   Skills:
 - Level 2.4 Fighting
 - Level 3.0 Short Blades
 - Level 3.6 Dodging
 + Level 3.8 Stealth
 + Level 2.6 Spellcasting
 * Level 3.3 Invocations


You had 8 spell levels left.
You didn't know any spells.
Your spell library was empty.

Dungeon Overview and Level Annotations

Branches:
Dungeon (5/15)
 Temple: D:4-7

Altars:
Makhleb


Message History

Throw: 11 darts (poison)
Press: ? - help, Q - select action, (/) - cycle Shift-Dir - straight line, f/p - adder
Aim: an adder (42% to hit)
You throw a poisoned dart. The poisoned dart hits the adder.
The adder is poisoned.
You feel sick. The adder closely misses you.
You feel sick.
You feel sick. The adder bites you.
You hit the adder.
The adder is heavily wounded.
You feel sick. The adder misses you.
You closely miss the adder.
The adder is heavily wounded.
You feel sick.
The adder looks more healthy.
The adder bites you.
* * * LOW HITPOINT WARNING * * *
You hit the adder but do no damage.
The adder is heavily wounded.
You feel sick. The adder barely misses you. The adder bites you.
* * * LOW HITPOINT WARNING * * *
Throw: 10 darts (poison)
Press: ? - help, Q - select action, (/) - cycle Shift-Dir - straight line, f/p - adder
Aim: an adder (heavily wounded, 42% to hit)
You throw a poisoned dart.
The poisoned dart barely misses the adder.
You feel sick.
You are no longer poisoned.
The adder closely misses you.
Throw: 9 darts (poison)
Press: ? - help, Q - select action, (/) - cycle Shift-Dir - straight line, f/p - adder
Aim: an adder (heavily wounded, 42% to hit)
You throw a poisoned dart.
The poisoned dart barely misses the adder.
The adder bites you.
* * * LOW HITPOINT WARNING * * *
Throw: 8 darts (poison)
Press: ? - help, Q - select action, (/) - cycle Shift-Dir - straight line, f/p - adder
Aim: an adder (heavily wounded, 42% to hit)
You throw a poisoned dart. The poisoned dart misses the adder.
The adder closely misses you. The adder bites you.
You die...

#...⌠...#.###.#
#.......#.....#
#.......#..####
#.....).##.#
#.......#..#
#.......####
#.......#
#.......#
#.#..@#.#
####S#### #(#.#
##(## ..# #.(#
###


You could see an adder.

Vanquished Creatures
  A scorpion (D:4)
  A hound (D:4)
  An adder (D:4)
  A ball python (D:4)
  2 endoplasms
  A giant cockroach (D:3)
  2 goblins (D:3)
  2 hobgoblins
  3 jackals
  2 bats
  A kobold (D:4)
  A rat (D:2)
18 creatures vanquished.

Notes
Turn   | Place    | Note
-------+----------+-------------------------------------------
     0 | D:1      | Spectrina the Deep Elf Monk began the quest for the Orb.
     0 | D:1      | Reached XP level 1. HP: 13/13 MP: 3/3
   217 | D:3      | Reached skill level 1 in Invocations
   234 | D:3      | Reached XP level 2. HP: 10/18 MP: 5/5
   266 | D:3      | Found a burning altar of Makhleb.
   266 | D:3      | Noticed a green death
   271 | D:3      | Noticed a hellwing
   271 | D:3      | Noticed a hellwing
   333 | D:4      | Reached skill level 1 in Spellcasting
   507 | D:5      | Entered Level 5 of the Dungeon
   628 | D:4      | Reached XP level 3. HP: 11/22 MP: 5/7
   649 | D:4      | Noticed a scorpion
   653 | D:4      | Killed a scorpion
   654 | D:4      | Reached XP level 4. HP: 16/27 MP: 7/9
   703 | D:4      | Slain by an adder

Illustrated notes

Levels and vault maps discovered:
D:1:      heliophobic_arrival_ceremonial_halls, layout_basic,
          ebering_ecumenical_altar_hall
D:2:      layout_basic, grunt_decor_mini_mirrors
D:3:      layout_basic, makhleb_altar_promises_db, serial_curves,
          eino_curves_01, eino_curves_03
D:4:      layout_loops_corners, wad_rectangle_vault
D:5:      layout_rooms, nicolae_vehumet_radiance, serial_shops,
          nicolae_shop_stone

Skill      XL: |  1  2  3 |
---------------+----------+-----
Invocations    | 1 2 3 |  3.3
Spellcasting   | 1 2 |  2.6
Stealth        | 3 |  3.8
Fighting       | |  2.4
Short Blades   | |  3.0
Dodging        | |  3.6

Action                   |  1- 3 |  4- 6 || total
-------------------------+-------+-------++-------
Melee: Short sword       |    59 |     3 ||    62
Throw: Dart              |    10 |     7 ||    17
       Javelin           |     1 |     1 ||     2
  Use: Scroll            |     1 |       ||     1
       Potion            |     1 |       ||     1
Armor: Robe              |    11 |       ||    11
Dodge: Dodged            |    38 |     6 ||    44
